Unix NetHack Version 5.0.0-0 post-release - last build May 10 2026 23:12:36 (d1fa5d53e341ca933230fdaa984d921c805b60aa,branch:main).

Game began 2026-05-12 16:27:11, ended 2026-05-12 16:45:22.

GdeVolpiano, lawful female dwarven Cavewoman

                                       ------       ------
    --------    -----------            |.....#######......###&@###    ------
    |.......#   |.........|    ########.....|#    # |....|       ##   |....|
    |......|##  |.....<....#####       |..._|#    ##.....|        ####.....|
    |......| ###..........|    ##      |....|#      ------            |.>..|
    --|--|--    -----------            ------                         |....|
      ## #                                                            |....|
       ###                                                            ------
        #####
     -----|-.--                                   0##############0
     |........|                          --------        --------#
     |.........#                         |.......########|......|########
     |........|###   ----------------   #.......|       #.......|       ###
     |........|  ####-..............|   #|......|        |.......##      -.---
     |........|      |............).|   #--------        -------- ##     |...|
     ----------      |...............####                          ####  |...|
                     ----------------                                 ###....|
                                                                         -----

GdeVolpiano the Aborigine  St:18/01 Dx:16 Co:16 In:9 Wi:9 Ch:7  Lawful
Dlvl:1  $:28 HP:0(40) Pw:10(10) AC:4  Xp:4 T:2792 

Latest messages:
 You are surrounded by a shimmering light.
 You finish your prayer.
 The potion on the altar glows light blue for a moment.
 You feel that Anu is well-pleased.
 Your club softly glows with a light blue aura.
 D - a blessed clear potion.
 #
 What do you want to dip? [a-cf-iklnruw-zA-DF-IK-MO or ?*]
 What do you want to dip an uncursed lamp called magic into? [fgiDILM or ?*]
 Your lamp called magic glows with a light blue aura.
 What do you want to use or apply? [kuzAF-HO or ?*]
 Your lamp is now on.
 What do you want to use or apply? [kuzAF-HO or ?*]
 Never mind.
 #
 What do you want to rub? [cG or ?*]
 You now wield a blessed lamp called magic (lit).
 Nothing happens.
 #
 What do you want to rub? [cG or ?*]
 Nothing happens.
 #
 What do you want to rub? [cG or ?*]
 Nothing happens.
 #
 What do you want to rub? [cG or ?*]
 You see a puff of smoke.
 #
 What do you want to rub? [cG or ?*]
 In a cloud of smoke, a djinni emerges!
 The djinni speaks.
 "You disturbed me, fool!"
 The djinni drinks a murky potion!
 The djinni is suddenly moving faster.
 The djinni picks up a cursed thonged club.
 The djinni picks up a cursed spear.
 Where do you want to travel to?
 (For instructions type a '?')
 Where do you want to travel to?
 (For instructions type a '?')
 The djinni wields a cursed spear!
 The spear welds itself to the djinni's hand!
 The djinni thrusts her spear.
 The djinni hits!
 The djinni thrusts her spear.
 The djinni hits!
 The djinni thrusts her spear.
 The djinni hits!
 You die...
 Do you want your possessions identified? [ynq] (y)

Inventory:
 Coins    ('$')
  $ - 28 gold pieces
 Weapons  (')')
  b - a +2 sling (alternate weapon; not wielded)
  a - a blessed +1 club
 Armor    ('[')
  n - a blessed +0 orcish helm (being worn)
  B - an uncursed +0 pair of iron shoes (being worn)
  h - an uncursed +0 large shield (being worn)
  C - an uncursed +0 dwarvish cloak (being worn)
  e - an uncursed burnt +0 leather armor (being worn)
 Comestibles  ('%')
  K - 2 uncursed food rations
 Scrolls  ('?')
  x - an uncursed scroll of destroy armor
  l - an uncursed scroll of gold detection
 Potions  ('!')
  i - 2 uncursed potions of booze
  I - a blessed potion of fruit juice
  L - an uncursed potion of healing
  g - a blessed potion of paralysis
  f - an uncursed potion of sleeping
  M - a potion of unholy water
 Rings    ('=')
  r - an uncursed ring of poison resistance (on right hand)
 Wands    ('/')
  z - a wand of striking (0:3)
 Tools    ('(')
  O - a bag of tricks (0:12)
  u - a horn of plenty (0:15)
  F - an expensive camera (0:56)
  G - a blessed oil lamp (lit) (wielded)
  k - an uncursed skeleton key
  H - an uncursed stethoscope
  A - an uncursed tallow candle
 Gems/Stones  ('*')
  y - an uncursed worthless piece of blue glass
  w - an uncursed worthless piece of yellowish brown glass
  c - 22 uncursed flint stones (in quiver pouch)

GdeVolpiano the Cavewoman's attributes:

Background:
 You were an Aborigine, a level 4 dwarven Cavewoman.
 You were lawful, on a mission for Anu
 who was opposed by Ishtar (neutral) and Anshar (chaotic).
 You were right-handed.
 You were in the Dungeons of Doom, on level 1.
 You entered the dungeon 2792 turns ago.
 You had 116 experience points, 44 more were needed to attain level 5.

Basics:
 You had 0 out of 40 hit points.
 You had all 10 energy points (spell power).
 Your armor class was 4.
 Your wallet contained 28 zorkmids.
 Autopickup was on for '$?!/="+' plus thrown, with exceptions.

Final Characteristics:
 Your strength was 18/01 (limit:18/100).
 Your dexterity was 16 (limit:20).
 Your constitution was 16 (limit:20).
 Your intelligence was 9 (limit:16).
 Your wisdom was 9 (limit:16).
 Your charisma was 7 (limit:16).

Final Status:
 You weren't hungry.
 You were unencumbered.
 You were wielding a tool.

Final Attributes:
 You were piously aligned.
 Your items were somewhat protected from fire.
 Your items were somewhat protected from cold.
 You were poison resistant.
 You had infravision.
 You were warded.
 You are dead.

Miscellaneous:
 You didn't encounter any bones levels.
 Total elapsed playing time was 18 minutes and 6 seconds.

Major events:
 Turn
    1: GdeVolpiano the lawful dwarven Cavewoman entered the dungeon
  661: entered the Gnomish Mines
  729: attained the rank of Aborigine (level 3)
 1281: reached Mine Town
 2792: killed by a djinni

You didn't know any spells.

Skills:
 Fighting Skills
   bare handed combat [Basic]
 Weapon Skills
   dagger             [Unskilled]
   knife              [Unskilled]
   axe                [Unskilled]
   pick-axe           [Unskilled]
   club               [Basic]
   mace               [Unskilled]
   morning star       [Unskilled]
   flail              [Unskilled]
   hammer             [Unskilled]
   quarterstaff       [Unskilled]
   polearms           [Unskilled]
   spear              [Unskilled]
   trident            [Unskilled]
   bow                [Unskilled]
   sling              [Basic]
   boomerang          [Unskilled]
   unicorn horn       [Unskilled]
 Spellcasting Skills
   attack spells      [Unskilled]
   matter spells      [Unskilled]

Voluntary challenges:
 Character rerolling was not enabled.
 You never genocided any monsters.
 You never polymorphed an object.
 You never changed form.
 You used no wishes.
Achievements:
 You entered a shop.
 You entered the Gnomish Mines.
 You attained the rank of Aborigine.
 You entered Minetown.
 You entered a temple.

 The Dungeons of Doom: levels 1 to 4
    Level 1: <- You were here.
       An altar to Anu.
       Final resting place for
          you, killed by a djinni.
    Level 2:
       A food shop, a fountain.
       Stairs down to The Gnomish Mines.
    Level 3:
    Level 4:
 The Gnomish Mines: levels 3 to 6
    Level 3:
    Level 4:
    Level 5:
       Many shops, a temple and an altar, some fountains, some trees.
    Level 6:


Vanquished creatures:
  2 gnome leaders
  a little dog
  2 dwarves
  a giant bat
  a monkey
  2 acid blobs
  2 coyotes
  2 large kobolds
  2 cave spiders
  a brown mold
  6 gnomes
  2 gnome zombies
  3 geckos
  4 jackals
  a fox
  2 kobolds
  4 goblins
  9 grid bugs
  2 lichens
  a kobold zombie
  3 newts
53 creatures vanquished.

No species were genocided or became extinct.

Game over:
                       ----------
                      /          \
                     /    REST    \
                    /      IN      \
                   /     PEACE      \
                  /                  \
                  |   GdeVolpiano    |
                  |      28 Au       |
                  |   killed by a    |
                  |      djinni      |
                  |                  |
                  |                  |
                  |       2026       |
                 *|     *  *  *      | *
        _________)/\\_//(\/(/\)/\//\/|_)_______

Goodbye GdeVolpiano the Cavewoman...

You died in The Dungeons of Doom on dungeon level 1 with 740 points,
and 28 pieces of gold, after 2792 moves.
You were level 4 with a maximum of 40 hit points when you died.

